 Dungeon Crawl Stone Soup version 0.29-a0-11-ga75d3d97ab (webtiles) character file.

Game seed: 2845440866106835866

203 lonewolfV2 the Chopper (level 5, -9/49 HPs)
             Began as a Deep Dwarf Fighter on Jan 28, 2022.
             Mangled by an ogre (16 damage)
             ... on level 4 of the Dungeon.
             The game lasted 00:04:46 (2512 turns).

lonewolfV2 the Chopper (Deep Dwarf Fighter)         Turns: 2512, Time: 00:04:47

Health: -9/49      AC: 11    Str: 21    XL:     5   Next: 51%
Magic:  5/5        EV:  9    Int:  9    God:
Gold:   135        SH:  5    Dex: 12    Spells: 4/4 levels left

rFire   . . .      SeeInvis .   a - +0 war axe
rCold   . . .      Faith    .   c - +0 buckler
rNeg    . . .      Spirit   .   b - +0 scale mail
rPois   .          Reflect  .   (no helmet)
rElec   .          Harm     .   (no cloak)
rCorr   .          Rampage  .   (no gloves)
Will    .....                   (no boots)
Stlth   ..........              (no amulet)
HPRegen 0.00/turn               j - +4 ring of protection
MPRegen 0.09/turn               (no ring)

@: no status effects
A: damage resistance, heal wounds, sense surroundings 1, no regeneration
a: Heal Wounds


You were on level 4 of the Dungeon.
You visited 1 branch of the dungeon, and saw 4 of its levels.

You collected 135 gold pieces.

Inventory:

Hand Weapons
 a - a +0 war axe (weapon)
Armour
 b - a +0 scale mail (worn)
 c - a +0 buckler (worn)
Jewellery
 i - a +6 ring of dexterity
 j - a +4 ring of protection (left hand)
Wands
 m - a wand of charming (2)
Scrolls
 e - 3 scrolls of identify
 g - a scroll of fog
 n - a scroll of teleportation {unknown}
Potions
 d - a potion of might
 f - a potion of mutation
 h - 2 potions of haste
 k - 2 potions of attraction {unknown}
 l - a potion of heal wounds {unknown}
 o - a potion of magic {unknown}


   Skills:
 + Level 3.3 Fighting
 + Level 4.6 Axes
 + Level 4.1 Armour
 + Level 1.2 Dodging
 + Level 3.8 Shields


You had 4 spell levels left.
You didn't know any spells.
Your spell library contained the following spells:

 Spells                   Type           Power      Damage    Failure   Level
 Animate Skeleton         Necr           0%         N/A       80%         1
 Apportation              Tloc           0%         N/A       80%         1
 Summon Small Mammal      Summ           0%         N/A       80%         1


Dungeon Overview and Level Annotations

Branches:
Dungeon (4/15)
 Temple: D:4-7

Altars:
Okawaru

Shops:
D:1 [   D:2 ?   D:3 [=


Innate Abilities, Weirdness & Mutations

You are resistant to damage.
You can heal yourself by infusing magical energy.
You passively map a small area around you.
You do not regenerate.


Message History

You add the spells Animate Skeleton, Summon Small Mammal and Apportation to your library.
Found 15 stones.
An endoplasm comes into view.
The endoplasm quivers.
The endoplasm moves out of view.
An endoplasm is nearby!
An endoplasm is nearby!
An endoplasm is nearby!
You barely miss the endoplasm.
The endoplasm hits you but does no damage.
You block the endoplasm's attack.
You hit the endoplasm.
The endoplasm is heavily wounded.
You block the endoplasm's attack.
You slash the endoplasm!
You kill the endoplasm!
A hobgoblin comes into view.
The hobgoblin shouts!
You hear an angry hiss.
A goblin comes into view. It is wielding a +0 dagger.
There are monsters nearby!
There are monsters nearby!
There are monsters nearby!
The goblin shouts!
An ogre comes into view. It is wielding a +0 giant spiked club.
The ogre shouts!
You hear an angry hiss.
The hobgoblin hits you.
You hit the hobgoblin.
The hobgoblin is moderately wounded.
An adder comes into view.
You block the hobgoblin's attack.
The adder hisses angrily.
You slash the hobgoblin!
You kill the hobgoblin!
The ogre hits you with a +0 giant spiked club!!
Ouch! That really hurt!
* * * LOW HITPOINT WARNING * * *
You slash the ogre!
The ogre is moderately wounded.
The ogre hits you with a +0 giant spiked club!
You die...

, , ..#.. *##..##
#.#..# ##.....#
,.#..... ##.....## ,*
, ....... ........# *
, ....... .......# ,
,.....g.* #......# ,
#..S###......# ,,
#.gO@....# *
*#..##..### ,
#..##..#.#### ,
....##.......# , ,
.....##.......# ** ,
......###.......# ,
...............##
................##
*#..................#


You could see an ogre, an adder and a goblin.

Vanquished Creatures
  2 iguanas (D:4)
  A killer bee zombie (D:3)
  3 adders
  An adder skeleton (D:3)
  2 worms
  A dart slug (D:1)
  2 bats
  8 endoplasms
  9 giant cockroaches
  7 goblins
  10 hobgoblins
  8 jackals
  7 quokkas
  6 ball pythons
  3 frilled lizards
  5 kobolds
  9 rats
84 creatures vanquished.

Notes
Turn   | Place    | Note
-------+----------+-------------------------------------------
     0 | D:1      | lonewolfV2 the Deep Dwarf Fighter began the quest for the
                  | Orb.
     0 | D:1      | Reached XP level 1. HP: 20/20 MP: 1/1
    73 | D:1      | You fall into a shaft and drop 1 floor!
   103 | D:1      | Reached XP level 2. HP: 27/27 MP: 2/2
   276 | D:1      | Found a faded altar of an unknown god.
   293 | D:1      | Reached XP level 3. HP: 30/34 MP: 3/3
   687 | D:1      | Found Etinoich's Antique Armour Shop.
  1085 | D:2      | Found Fior's Magic Scroll Boutique.
  1446 | D:2      | Reached XP level 4. HP: 16/42 MP: 4/4
  1670 | D:3      | Found Puvvytit's Armour Boutique.
  2088 | D:3      | Found Mathriec's Jewellery Boutique.
  2219 | D:3      | Found an iron altar of Okawaru.
  2302 | D:3      | Reached XP level 5. HP: 37/49 MP: 5/5
  2318 | D:3      | Reached skill level 1 in Dodging
  2507 | D:4      | Noticed an ogre
  2512 | D:4      | Mangled by an ogre

Illustrated notes

Levels and vault maps discovered:
D:1:      dpeg_arrival_leaves_temple_mockup, layout_loops_ring, serial_shops,
          shop, hellmonk_ecumenical_altar_dog_temple, minmay_small_reverse_x
D:2:      layout_loops_ring, serial_shops, nicolae_shop_stone, chequers_avenue,
          grunt_ministairs_9, grunt_decor_fettered, mrwooster_statue_mirror
D:3:      layout_loops_corners, okawaru_trees_2, serial_shops,
          nicolae_square_shop, nicolae_shop_statue_plus
D:4:      layout_cave_pools

Skill      XL: |  1  2  3  4  5 |
---------------+----------------+-----
Fighting       | 3 |  3.3
Axes           | 3 4 |  4.6
Armour         | 4 |  4.1
Dodging        | 1 |  1.2
Shields        | |  3.8

Action                   |  1- 3 |  4- 6 || total
-------------------------+-------+-------++-------
Melee: War axe           |   127 |   107 ||   234
 Abil: Heal Wounds       |       |     2 ||     2
  Use: Scroll            |     3 |     2 ||     5
Armor: Scale mail        |    64 |    59 ||   123
Dodge: Dodged            |    54 |    59 ||   113
Block: Buckler           |    23 |    40 ||    63

Table legend: (Time is in decaauts)
 A = Elapsed time spent in this place.
 B = Non-inter-level travel time spent in this place.
 C = Inter-level travel time spent in this place.
 D = Time resting spent in this place.
 E = Time spent auto-exploring this place.
 F = Levels seen in this place.
 G = Mean time per level.
                   A        B        C        D        E       F      G
               +--------+--------+--------+--------+--------+-----+--------+
         Total |   2600 |   2541 |     59 |      0 |   1851 |   4 |  650.0 |
       Dungeon |   2600 |   2541 |     59 |      0 |   1851 |   4 |  650.0 |
               +--------+--------+--------+--------+--------+-----+--------+

Top non-repeatable levels by time:
     D:2: 896 daAuts
     D:3: 825 daAuts
     D:1: 803 daAuts
     D:4: 74 daAuts
